 Dungeon Crawl Stone Soup version 0.16-a0-3724-gf14d081 (webtiles) character file.

39657 SkaryMonk the Cruncher (level 13, -3/102 HPs)
             Began as a Demigod Wanderer on Jan 21, 2015.
             Slain by a spiny frog (8 damage)
             ... on level 8 of the Lair of Beasts.
             The game lasted 02:22:12 (24811 turns).

SkaryMonk the Cruncher (Demigod Wanderer)          Turns: 24811, Time: 02:22:12

Health: -3/102     AC: 13    Str: 18    XL:     13   Next: 36%
Magic:  16/27      EV:  2    Int: 18    God:
Gold:   806        SH:  0    Dex: 18    Spells: 6 memorised, 2 levels left

rFire  . . .     SeeInvis .     l - +0 quarterstaff (freeze)
rCold  + . .     Clarity  .     O - +1 robe {rC+}
rNeg   + + +     SustAb   +     (no shield)
rPois  ∞         Gourm    .     (no helmet)
rElec  .         Spirit   .     D - +0 cloak
rCorr  .         Warding  .     r - +0 pair of gloves
rMut   .         Stasis   .     W - +0 pair of boots
MR     +....                    (no amulet)
Stlth  ++........               h - ring of wizardry
                                o - ring of poison resistance

@: icy armour, petrified, somewhat resistant to hostile enchantments, unstealthy
A: sustain abilities
a: no special abilities


You were on level 8 of the Lair of Beasts.
You were very hungry.

You visited 2 branches of the dungeon, and saw 16 of its levels.

You collected 950 gold pieces.
You spent 144 gold pieces at shops.

Notes
Turn   | Place    | Note
--------------------------------------------------------------
     0 | D:1      | SkaryMonk, the Demigod Wanderer, began the quest for the Orb.
     0 | D:1      | SkaryMonk set off with: a book of Frost, a scroll of teleportation, the Reference Book on Confrontation and Flames, a +0 robe, a +0 club, a bread ration
     0 | D:1      | Reached XP level 1. HP: 16/16 MP: 4/4
     0 | D:1      | Identified the Reference Book on Confrontation and Flames
     3 | D:1      | Learned a level 1 spell: Freeze
   346 | D:1      | Reached XP level 2. HP: 18/23 MP: 4/6
   389 | D:1      | Learned a level 2 spell: Throw Frost
   524 | D:1      | Reached skill level 3 in Ice Magic
   785 | D:2      | Found a shadowy altar of Dithmenos.
   869 | D:2      | Reached XP level 3. HP: 28/28 MP: 5/8
   874 | D:2      | Found a glowing silver altar of Zin.
  1544 | D:2      | Noticed Crazy Yiuf
  1559 | D:2      | Killed Crazy Yiuf
  1559 | D:2      | Reached skill level 4 in Ice Magic
  1559 | D:2      | Reached XP level 4. HP: 21/35 MP: 4/11
  1783 | D:2      | Learned a level 3 spell: Ozocubu's Armour
  2136 | D:3      | Noticed a centaur
  2136 | D:3      | Noticed an orc warrior
  2169 | D:3      | Reached skill level 1 in Conjurations
  2434 | D:3      | Reached XP level 5. HP: 16/40 MP: 0/12
  2583 | D:4      | Reached skill level 5 in Ice Magic
  2672 | D:4      | Found a shadowy altar of Dithmenos.
  2675 | D:4      | Found a blossoming altar of Fedhas.
  2675 | D:4      | Found a burning altar of Makhleb.
  2676 | D:4      | Found an opulent altar of Gozag.
  2676 | D:4      | Found a deep blue altar of Sif Muna.
  2859 | D:4      | Reached XP level 6. HP: 37/47 MP: 7/15
  3410 | D:5      | Entered Level 5 of the Dungeon
  3537 | D:5      | Found a white marble altar of Elyvilon.
  3648 | D:5      | Reached skill level 1 in Charms
  3859 | D:5      | Reached XP level 7. HP: 52/52 MP: 8/18
  3975 | D:5      | Reached skill level 6 in Ice Magic
  4485 | D:5      | Reached skill level 1 in Staves
  5277 | D:6      | Found Enluma's Food Boutique.
  5932 | D:6      | Reached XP level 8. HP: 57/59 MP: 15/18
  5940 | D:6      | Learned a level 4 spell: Condensation Shield
  5957 | D:6      | Reached skill level 7 in Ice Magic
  6221 | D:6      | Got a polished falchion
  6222 | D:6      | Identified the +9 falchion of Mourning {venom, +Blink rElec rC-} (You found it on level 6 of the Dungeon)
  6457 | D:7      | Found a staircase to the Ecumenical Temple.
  6914 | D:7      | Reached skill level 5 in Staves
  6968 | D:7      | Found Utafib's Magic Scroll Emporium.
  6975 | D:7      | Bought a scroll of identify for 24 gold pieces
  6975 | D:7      | Bought a scroll of identify for 24 gold pieces
  6975 | D:7      | Bought 2 scrolls of identify for 48 gold pieces
  6975 | D:7      | Bought a scroll of identify for 24 gold pieces
  6975 | D:7      | Bought a scroll of identify for 24 gold pieces
  7530 | D:8      | Reached XP level 9. HP: 50/64 MP: 12/20
  7607 | D:8      | Found a staircase to the Lair.
  7629 | Lair:1   | Entered Level 1 of the Lair of Beasts
  7648 | Lair:1   | Noticed Nergalle
  7975 | Lair:1   | Noticed a black mamba
  7985 | Lair:1   | Killed a black mamba
  8019 | Lair:1   | Noticed a black mamba
  8427 | Lair:1   | Reached skill level 8 in Staves
  8632 | Lair:1   | Reached skill level 9 in Staves
  8841 | Lair:1   | Noticed a spiny frog
  8848 | Lair:1   | Killed a spiny frog
  9256 | Lair:1   | Reached skill level 10 in Staves
  9376 | Lair:1   | Noticed Harold
  9422 | Lair:1   | Got a slimy ring mail
  9433 | Lair:1   | Identified the cursed +0 ring mail of Diogefag {MP+9 Str+3} (You found it on level 1 of the Lair of Beasts)
  9576 | Lair:1   | Reached XP level 10. HP: 66/71 MP: 9/21
  9582 | Lair:1   | Noticed a komodo dragon
  9596 | Lair:1   | Killed a komodo dragon
  9825 | Lair:1   | Learned a level 4 spell: Summon Ice Beast
 10219 | Lair:2   | Noticed a five-headed hydra
 10338 | Lair:2   | Noticed a seven-headed hydra
 10356 | Lair:2   | Killed a seven-headed hydra
 10356 | Lair:2   | Reached skill level 5 in Dodging
 10369 | Lair:2   | Noticed a five-headed hydra
 10483 | Lair:2   | Killed a five-headed hydra
 11029 | Lair:3   | Reached skill level 5 in Evocations
 11247 | Lair:3   | Reached skill level 1 in Summonings
 11396 | Lair:3   | Noticed a seven-headed hydra
 11753 | Lair:3   | Reached XP level 11. HP: 68/77 MP: 2/23
 12641 | Lair:6   | Found a white marble altar of Elyvilon.
 13125 | Lair:7   | Noticed a four-headed hydra
 13129 | Lair:7   | Killed a four-headed hydra
 13374 | Lair:8   | Entered Level 8 of the Lair of Beasts
 13377 | Lair:8   | Noticed a seven-headed hydra
 13536 | Lair:7   | Found a staircase to the Slime Pits.
 13536 | Lair:7   | Found a viscous altar of Jiyva.
 14027 | Lair:7   | Reached skill level 5 in Fighting
 14933 | Lair:6   | Found a staircase to the Snake Pit.
 14965 | Lair:6   | Noticed Fannar
 14998 | Lair:6   | Killed Fannar
 15377 | Lair:6   | Reached skill level 11 in Staves
 15473 | Lair:6   | Found a staircase to the Swamp.
 15486 | Lair:6   | Noticed a five-headed hydra
 15693 | Lair:6   | Killed a five-headed hydra
 15693 | Lair:6   | Reached XP level 12. HP: 95/95 MP: 12/24
 15787 | Lair:6   | Noticed a spriggan rider
 15891 | Lair:6   | Killed a spriggan
 15893 | Lair:6   | Killed a wasp
 16562 | Lair:5   | Reached skill level 12 in Staves
 17617 | Lair:4   | Noticed a five-headed hydra
 18471 | Lair:4   | Killed a five-headed hydra
 18770 | Lair:3   | Reached skill level 13 in Staves
 18936 | Lair:3   | Killed a seven-headed hydra
 19320 | Lair:2   | Killed a five-headed hydra
 20143 | Lair:8   | Killed a seven-headed hydra
 20654 | Lair:8   | Reached skill level 14 in Staves
 21681 | Lair:8   | Reached XP level 13. HP: 99/102 MP: 17/25
 22947 | Lair:8   | Reached skill level 10 in Ice Magic
 23633 | Lair:8   | Learned a level 4 spell: Throw Icicle
 23855 | Lair:8   | Found a runed door.
 23878 | Lair:8   | Reached skill level 1 in Armour
 24811 | Lair:8   | HP: 5/102 [death yak (5)]
 24811 | Lair:8   | Slain by a spiny frog

Inventory:

Hand weapons
 c - a +0 lajatang
 l - a +0 quarterstaff of freezing (weapon)
Armour
 q - a +0 buckler
 r - a +0 pair of gloves (worn)
 D - a +0 cloak (worn)
 O - a +1 robe of cold resistance (worn)
 W - a +0 pair of boots (worn)
Jewellery
 h - a ring of wizardry (right hand)
 o - a ring of poison resistance (left hand)
 P - an uncursed ring of ice
Magical devices
 e - a wand of frost (3)
 k - a wand of teleportation (0)
 I - a wand of disintegration (10)
 Q - a wand of fire (0)
 S - a wand of random effects (5)
 U - a wand of digging (11)
 X - a wand of lightning (0)
Scrolls
 m - 6 scrolls of remove curse
 n - 3 scrolls of blinking
 p - a scroll of vulnerability
 t - 2 scrolls of enchant armour
 u - 3 scrolls of magic mapping
 y - 2 scrolls of fog
 J - 2 scrolls of enchant weapon
 L - 2 scrolls of recharging
 R - a scroll of summoning {unknown}
Potions
 d - a potion of restore abilities
 g - 3 potions of curing
 s - a potion of cancellation
 w - a potion of poison
 z - a potion of beneficial mutation {unknown}
 A - a potion of degeneration {unknown}
 B - a potion of flight {unknown}
 G - a potion of cure mutation {unknown}
 K - a potion of lignification {unknown}
 T - a potion of mutation {unknown}
 Z - a potion of brilliance
Books
 a - a book of Frost

   Spells                             Type                      Level
   a - Freeze                         Ice                          1
   b - Throw Frost                    Conjuration/Ice              2
   c - Ozocubu's Armour               Charms/Ice                   3
   d - Throw Icicle                   Conjuration/Ice              4
   e - Summon Ice Beast               Ice/Summoning                4
   f - Condensation Shield            Ice                          4
Comestibles
 b - 4 fruits
 f - 8 bread rations
 j - 3 beef jerkies
 E - 6 meat rations
 V - 8 royal jellies

Table legend:
 A = Turns spent in this place as a percentage of turns spent in the entire game.
 B = Non-inter-level travel turns spent in this place as a percentage of non-inter-level travel turns spent in the entire game.
 C = Inter-level travel turns spent in this place as a percentage of turns spent in this place.
 D = Turns resting spent in this place as a percentage of non-inter-level travel turns spent in this place.
 E = Turns spent auto-exploring this place as a percentage of non-inter-level travel turns spent in this place.
 F = Non-inter-level travel turns spent in this place divided by the number of levels of this place that you've seen.
                   A       B       C       D       E      F
               +-------+-------+-------+-------+-------+----------------------
         Total | 100.0 | 100.0 |   0.5 |   7.0 |   5.7 | 482.2
       Dungeon |  26.1 |  26.0 |   0.8 |   4.5 |  11.2 | 250.6
          Lair |  73.9 |  74.0 |   0.3 |   7.9 |   3.8 | 713.9
               +-------+-------+-------+-------+-------+----------------------


   Skills:
 - Level 5.6 Fighting
 - Level 14.2 Staves
 + Level 3.0 Armour
 - Level 7.0 Dodging
 - Level 1.0 Stealth
 - Level 1.0 Shields
 - Level 4.0 Spellcasting
 - Level 3.3 Conjurations
 - Level 4.1 Charms
 - Level 4.3 Summonings
 - Level 10.0 Ice Magic
 - Level 5.1 Evocations


You had 2 spell levels left.
You knew the following spells:

 Your Spells              Type           Power        Failure   Level  Hunger
a - Freeze                Ice            ####         1%          1    None
b - Throw Frost           Conj/Ice       ####..       1%          2    ##.....
c - Ozocubu's Armour      Chrm/Ice       ####....     1%          3    ###....
d - Condensation Shield   Ice            #####.....   1%          4    ####...
e - Summon Ice Beast      Ice/Summ       ####....     4%          4    ####...
f - Throw Icicle          Conj/Ice       ####....     4%          4    ####...


Dungeon Overview and Level Annotations

Branches:
Dungeon (8/15)             Temple (0/1) D:7            Lair (8/8) D:8
  Swamp (0/5) Lair:6        Snake (0/5) Lair:6        Slime (0/6) Lair:7

Shops:
D:6 %   D:7 ?

Annotations:
D:8 Nergalle
Lair:1 exclusion: black mamba, Harold
Lair:2 1 exclusion
Lair:6 exclusion: oklob plant
Lair:8 runed door


Innate Abilities, Weirdness & Mutations

Your attributes are resistant to harm.


Message History

The spiny frog stings you.
* * * LOW HITPOINT WARNING * * *
Your ice beast hits the lindwurm but does no damage.
The basilisk bites you!
* * * LOW HITPOINT WARNING * * *
The death yak gores you.
* * * LOW HITPOINT WARNING * * *
The lindwurm closely misses your ice beast.
The lindwurm claws your ice beast. The lindwurm claws your ice beast!
Your ice beast dies!
Your icy shield evaporates.
The spiny frog stings you.
* * * LOW HITPOINT WARNING * * *
The basilisk gazes at you. The death yak gores you. The spiny frog stings you!
* * * LOW HITPOINT WARNING * * *
The basilisk bites you. The death yak gores you!
* * * LOW HITPOINT WARNING * * *
The spiny frog stings you!
You die...

.....## .###
##......... ...).#
##.#..P... ..##.#
###..#..... #..#..#
##PP....#... .......#
##..sP.......
..#.....
#.#.P.PP.....
.......+
##.P.PP...... ).#....
#######..P..P#....
##. ..
##@Y..###......... .
##lFk...........P..
.P#.................
.......)......##..###
...........(..######
.......P.#....#..#
......P.....PP###
.....#.....P.P.# #.
...###..#.....#


You could see a death yak, a lindwurm, a spiny frog and a basilisk.

Table legend:
 A = Kills in this place as a percentage of kills in entire the game.
 B = Kills by you in this place as a percentage of kills by you in the entire game.
 C = Kills by friends in this place as a percentage of kills by friends in the entire game.
 D = Other kills in this place as a percentage of other kills in the entire game.
 E = Experience gained in this place as a percentage of experience gained in the entire game.
 F = Experience gained in this place divided by the number of levels of this place that you have seen.
                   A       B       C       D       E      F
               +-------+-------+-------+-------+-------+----------------------
         Total | 100.0 | 100.0 | 100.0 |  -nan | 100.0 | 3540.8
       Dungeon |  30.3 |  35.1 |   0.0 |  -nan |   6.1 | 434.1
          Lair |  69.7 |  64.9 | 100.0 |  -nan |  93.9 | 6647.5
               +-------+-------+-------+-------+-------+----------------------

Vanquished Creatures
  Fannar (Lair:6)
  A hydra (Lair:2)
  A death yak (Lair:8)
  A lindwurm (Lair:8)
  7 elephants
  2 griffons (Lair:7)
  7 spiny frogs
  6 black mambas
  2 torpor snails (Lair:8)
  A queen ant (Lair:8)
  6 komodo dragons
  5 fire drakes
  A boulder beetle (Lair:8)
  2 giant leeches (Lair:8)
  15 blink frogs
  A spriggan (Lair:6)
  A basilisk (Lair:6)
  A wandering mushroom (Lair:7)
  22 yaks
  6 hippogriffs
  A steam dragon (Lair:2)
  7 soldier ants
  16 wolves
  A hell hound (Lair:8)
  17 water moccasins
  2 wargs (Lair:8)
  An orc warrior (D:6)
  2 sky beasts
  2 ice beasts
  13 porcupines
  2 ogres
  A black bear (Lair:8)
  2 wasps
  A boring beetle (Lair:7)
  A centaur (D:6)
  20 crocodiles
  12 giant frogs
  3 scorpions
  17 killer bees
  An electric eel (Lair:6)
  2 goliath beetles (D:6)
  A quasit (D:6)
  22 hounds
  3 jellies
  2 crimson imps
  4 orc wizards
  Crazy Yiuf (D:2)
  2 orc priests
  6 iguanas
  A gnoll shaman (D:8)
  21 worker ants
  17 sheep
  A worker ant zombie (D:6)
  6 gnolls
  46 river rats
  A shadow imp (D:6)
  24 adders
  4 giant mites
  10 worms
  9 giant geckos
  An ooze (D:4)
  16 orcs
  3 ball pythons
  12 bats
  A bat skeleton (D:4)
  16 goblins
  9 hobgoblins
  6 jackals
  16 quokkas
  6 giant cockroaches
  4 giant newts
  A giant spore (D:5)
  11 kobolds
  12 rats
  2 ballistomycetes (D:5)
  A fungus (D:8)
  A plant (Lair:8)
512 creatures vanquished.

Vanquished Creatures (collateral kills)
  7 hydras
  2 death yaks (Lair:8)
  3 elephants (Lair:8)
  3 spiny frogs
  2 komodo dragons
  A queen bee (Lair:2)
  A boulder beetle (Lair:8)
  A raiju (Lair:8)
  2 blink frogs
  8 yaks
  A hippogriff (Lair:8)
  A warg (Lair:8)
  8 wolves
  A water moccasin (Lair:8)
  A black bear (Lair:8)
  A wasp (Lair:8)
  A boring beetle (Lair:8)
  2 crocodiles
  A giant frog (Lair:5)
  8 killer bees (Lair:2)
  4 hounds
  5 worker ants (Lair:8)
  9 sheep (Lair:7)
  An adder (Lair:8)
  5 river rats
  A worm (Lair:8)
  An ufetubus (Lair:4)
  A jackal (Lair:8)
  A plant (Lair:8)
83 creatures vanquished.

Vanquished Creatures (others)
  5 trapdoor spiders
  18 spiders
  39 ice beasts
  3 chimeras
  3 giant mites
  12 fungi
  17 plants
97 creatures vanquished.

Grand Total: 692 creatures vanquished

Action                   |  1- 3 |  4- 6 |  7- 9 | 10-12 | 13-15 || total
-------------------------+-------+-------+-------+-------+-------++-------
Melee: Club              |    28 |       |       |       |       ||    28
       Hammer            |     4 |       |       |       |       ||     4
       Quarterstaff      |       |    43 |   226 |   720 |   432 ||  1421
       Lajatang          |       |       |     9 |   328 |       ||   337
 Cast: Freeze            |    60 |    37 |   121 |   257 |    11 ||   486
       Throw Frost       |    13 |    51 |    64 |   100 |    13 ||   241
       Ozocubu's Armour  |       |       |    26 |    73 |    24 ||   123
       Condensation Shie |       |       |    21 |    76 |    25 ||   122
       Summon Ice Beast  |       |       |       |    83 |    26 ||   109
       Throw Icicle      |       |       |       |       |     4 ||     4
Evoke: Wand              |       |       |     1 |    16 |     2 ||    19
       Box of beasts     |       |       |       |     7 |     1 ||     8
       Sack of spiders   |       |       |       |     9 |     9 ||    18
  Use: Scroll            |     1 |     2 |    13 |    14 |     1 ||    31
       Potion            |     1 |     1 |     7 |    10 |       ||    19
 Stab: Sleeping          |     2 |     4 |     3 |     4 |       ||    13
       Distracted        |       |       |       |    13 |    11 ||    24
  Eat: Chunk             |     3 |    11 |    22 |    80 |    18 ||   134
       Pizza             |       |       |     1 |       |     3 ||     4
       Meat ration       |       |       |     1 |     1 |       ||     2
       Beef jerky        |       |       |     1 |       |       ||     1
       Fruit             |       |       |       |     1 |       ||     1

Vault maps used:
D:1:      onia_arrival_pyramid
D:2:      old_standard_altar, nicolae_dithmenos_shadow_blocks,
          uniq_crazy_yiuf_cottage
D:3:      first_bread, serial_curves, eino_curves_04, eino_curves_04,
          eino_curves_02, eino_curves_03, lightli_corner_chamber
D:4:      serial_park_square1, grunt_temple_overflow_open,
          minmay_misc_feat_columns, grunt_ministairs_10, kennysheep_nub,
          minmay_misc_feat_pillars, kennysheep_generic_room_11
D:5:      elyvilon_altar_3
D:6:      serial_shops, nicolae_shop_behind_doors
D:7:      temple_fountains, serial_shops,
          nicolae_shop_temple_entry_statues_fountains
D:8:      dpeg_oklobed_lair
Lair:1:   infiniplex_staircase_pool, uniq_nergalle, uniq_harold
Lair:2:   special_room, bobbens_dragon_lair_wall
Lair:3:   st_stairs_4, serial_bayou_pond_a, beast_lair_carwin_5
Lair:6:   minmay_swamp_entry_reptiles, dummy_snake_entry, basic_altar,
          serial_bayou_lake_a, serial_bayou_shore_a, uniq_fannar
Lair:7:   slime_altar_1, grunt_megastairs_1
Lair:8:   wormcave, hangedman_lair_caniforms_friends, zaba_antful_of_joy
